 Dungeon Crawl Stone Soup version 0.27.0-1-g7a089689b8 (webtiles) character file.

Game seed: 1115807461684380823

14 garrulousMonolith the Skirmisher (level 2, -1/24 HPs)
             Began as a Demonspawn Fighter on Aug 13, 2021.
             Slain by a kobold (3 damage)
             ... on level 1 of the Dungeon.
             The game lasted 00:00:26 (111 turns).

garrulousMonolith the Skirmisher (DsFi)              Turns: 111, Time: 00:00:26

Health: -1/24      AC:  6    Str: 16    XL:     2   Next: 31%
Magic:  2/2        EV:  6    Int: 11    God:
Gold:   12         SH:  8    Dex: 12    Spells: 1/1 levels left

rFire    . . .     SeeInvis .   a - +0 trident
rCold    . . .     Faith    .   c - +0 kite shield
rNeg     . . .     Spirit   .   b - +0 scale mail
rPois    .         Reflect  .   (no helmet)
rElec    .         Harm     .   (no cloak)
rCorr    .         Rampage  .   (no gloves)
Will     .....                  (no boots)
Stlth    ..........             (no amulet)
HPRegen  0.08/turn              (no ring)
MPRegen  0.08/turn              (no ring)

@: no status effects
A: big brain 1
a: no special abilities


You were on level 1 of the Dungeon.
You visited 1 branch of the dungeon, and saw 1 of its levels.

You collected 12 gold pieces.

Inventory:

Hand Weapons
 a - a +0 trident (weapon)
Missiles
 e - 2 boomerangs (quivered)
 f - 21 stones
Armour
 b - a +0 scale mail (worn)
 c - a +0 kite shield (worn)
Potions
 d - a potion of might


   Skills:
 + Level 3.2 Fighting
 + Level 2.0 Polearms
 + Level 2.9 Armour
 + Level 2.9 Shields


You had one spell level left.
You didn't know any spells.
Your spell library was empty.

Dungeon Overview and Level Annotations

Branches:
Dungeon (1/15)

Altars:


Innate Abilities, Weirdness & Mutations

You have an unusually large brain. (Int +2)


Message History

The quokka is heavily wounded.
The quokka barely misses you. You block the quokka's attack.
You puncture the quokka!
You kill the quokka!
The bat hits you but does no damage. The giant cockroach barely misses you.
You puncture the giant cockroach!
You kill the giant cockroach!
The bat hits you but does no damage.
You puncture the rat!
You kill the rat!
You block the bat's attack.
You puncture the rat!
You kill the rat!
The bat barely misses you.
You hit the bat.
You kill the bat!
You barely miss the jackal. The jackal barely misses you. x2
You hit the jackal but do no damage. The jackal bites you.
You block the jackal's attack.
You barely miss the jackal. The jackal bites you.
The jackal bites you but does no damage.
You barely miss the jackal. The jackal bites you. x2
* * * LOW HITPOINT WARNING * * *
The jackal bites you but does no damage.
You hit the jackal.
The jackal is almost dead.
The jackal bites you.
* * * LOW HITPOINT WARNING * * *
The jackal closely misses you.
You hit the jackal.
You kill the jackal!
You closely miss the kobold. The kobold hits you with a +0 whip.
* * * LOW HITPOINT WARNING * * *
The kobold hits you with a +0 whip.
* * * LOW HITPOINT WARNING * * *
You closely miss the kobold. The kobold hits you but does no damage.
You barely miss the kobold. You block the kobold's attack.
You closely miss the kobold. You block the kobold's attack.
The kobold hits you with a +0 whip.
You die...

#......#...##...
#......#........
#...##.#........
#...##.#........
#......#........ ..
#⌠.....'.......# ...
#.....†#.b.....###...
#≈..##K#...........
#≈≈.##@#B.........
#≈≈≈...#.#......#
#≈≈≈...#r####...# ##.#
#⌠≈≈<..#r##.....#....#
########K##..#....###
.......h#..........#
.....)..........>....
....................#
.>...............#.##


You could see a kobold.

Vanquished Creatures
  A ball python (D:1)
  A giant cockroach (D:1)
  6 jackals (D:1)
  A quokka (D:1)
  A bat (D:1)
  2 rats (D:1)
12 creatures vanquished.

Notes
Turn   | Place    | Note
-------+----------+-------------------------------------------
     0 | D:1      | garrulousMonolith the Demonspawn Fighter began the quest
                  | for the Orb.
     0 | D:1      | Reached XP level 1. HP: 18/18 MP: 1/1
    78 | D:1      | Gained mutation: You have an unusually large brain. (Int
                  | +2) [demonic ancestry]
    78 | D:1      | Reached XP level 2. HP: 13/24 MP: 2/2
   111 | D:1      | Slain by a kobold

Illustrated notes

Levels and vault maps discovered:
D:1:      amcnicky_arrival_flooded_fountain, layout_rooms, serial_bayou_pond_e

Skill      XL: |  1 |
---------------+----+-----
Polearms       | 2 |  2.0
Fighting       | |  3.2
Armour         | |  2.9
Shields        | |  2.9

Action                   || total
-------------------------++-------
Melee: Trident           ||    33
Armor: Scale mail        ||    24
Dodge: Dodged            ||    24
Block: Kite shield       ||    30
